AoeStats
← 从不压堡之人

Arena

508887203Analyzed
4v4 RM · 8d ago on Sep 24, 2026· 41m 2s· 8 players
Game mode
Random Map
Map size
Large (8 player)
Population
200
Speed
Normal
Resources
Standard
Victory
Conquest
Starting age
Dark Age
Ending age
Imperial Age
RankedLock teamsTeams togetherTeam positionsShared explorationLock speedFull tech treeHidden civsTurbo modeCheats
Victory
Defeat
🇹🇼 Cumans · Taiwan
1158
+13
🇹🇼 Spanish · Taiwan
1134
+14
🇻🇳 Danes · Vietnam
1101
+16
🇹🇼 Khmer · Taiwan
1097
+16
🇨🇳 Cumans · China
1173
-17
🇨🇳 Spanish · China
1126
-16
🇨🇳 Malay · China
1045
-13
1042
-13
Jason
7:00 Loom
8:16 Loom
10:27 Feudal Age
11:24 Double-Bit Axe
14:05 Man-at-Arms
22:36 Wheelbarrow
21:54 Gold Mining
27:03 Castle Age
25:35 Arson
25:48 Horse Collar
27:15 Forging
27:06 Scale Mail Armor
27:36 Pikeman
29:08 Iron Casting
29:47 Squires
32:11 Long Swordsman
34:06 Bow Saw
kenghsien77
11:18 Feudal Age
14:02 Castle Age
13:23 Double-Bit Axe
13:25 Horse Collar
24:47 Wheelbarrow
28:24 Imperial Age
26:51 Ballistics
26:51 Scale Barding Armor
27:26 Forging
28:55 Chain Barding Armor
31:29 Bow Saw
32:08 Plate Barding Armor
31:47 Siege Engineers
32:06 Conscription
32:30 Bloodlines
32:49 Husbandry
33:20 Double Crossbow
33:56 Fletching
33:39 Light Cavalry
36:19 Iron Casting
36:04 Hussar
36:30 Elite Ballista Elephant
38:26 Blast Furnace
younguns
12:07 Feudal Age
16:13 Castle Age
14:06 Double-Bit Axe
14:02 Horse Collar
17:45 Bow Saw
18:48 Loom
20:58 Fletching
26:14 Imperial Age
24:50 Bodkin Arrow
25:05 Forging
26:00 Wheelbarrow
26:03 Scale Mail Armor
25:25 Pikeman
26:05 Squires
27:53 Iron Casting
28:04 Chain Mail Armor
28:10 Halberdier
30:07 Plate Mail Armor
31:16 Blast Furnace
30:45 Bracer
38:18 Cavalier
38:58 Husbandry
39:09 Bloodlines
40:03 Heavy Plow
40:02 Gold Mining
40:25 Town Watch
41:25 Scale Barding Armor
41:39 Hand Cart
satc1014
10:52 Feudal Age
14:34 Castle Age
13:28 Double-Bit Axe
13:26 Horse Collar
24:20 Wheelbarrow
23:43 Gold Mining
25:21 Scale Mail Armor
25:32 Forging
29:54 Imperial Age
29:32 Loom
29:33 Town Watch
29:32 Hamask
30:09 Stone Mining
31:04 Conscription
33:05 Chain Mail Armor
35:09 Onager
36:56 Ballistics
36:05 Elite Jomsviking
37:09 Capped Ram
从不压堡之人
11:05 Feudal Age
12:36 Double-Bit Axe
14:58 Castle Age
13:00 Horse Collar
16:42 Wheelbarrow
17:17 Bow Saw
17:30 Town Watch
20:37 Loom
25:45 Hand Cart
25:45 Heavy Plow
25:47 Fletching
26:17 Gold Mining
26:19 Stone Mining
27:32 Caravan
31:29 Imperial Age
30:25 Ballistics
30:20 Husbandry
30:30 Bloodlines
30:16 Bodkin Arrow
30:27 Scale Barding Armor
31:25 Redemption
31:35 Sanctity
31:25 Fervor
31:16 Inquisition
32:01 Chain Barding Armor
31:45 Town Patrol
31:59 Murder Holes
31:54 Guard Tower
32:46 Stone Shaft Mining
33:15 Two-Man Saw
33:03 Theocracy
32:43 Block Printing
32:54 Illumination
34:08 Chemistry
33:19 Fortified Wall
35:47 Bombard Tower
36:04 Keep
35:43 Guilds
35:21 Arrowslits
37:32 Masonry
37:23 Bracer
37:59 Plate Barding Armor
38:01 Supremacy
38:01 Conscription
38:30 Sappers
洗心革面重新做人TownYan
9:59 Feudal Age
12:45 Castle Age
10:46 Double-Bit Axe
11:50 Horse Collar
15:08 Loom
20:57 Fortified Wall
21:16 Gold Mining
23:28 Heavy Plow
23:47 Bow Saw
24:24 Loom
24:24 Town Watch
28:09 Imperial Age
26:11 Husbandry
26:22 Bloodlines
27:45 Wheelbarrow
28:06 Scale Barding Armor
28:12 Forging
29:19 Gold Shaft Mining
29:15 Conscription
28:55 Elite Battle Elephant
30:36 Chain Barding Armor
31:08 Iron Casting
32:34 Plate Barding Armor
33:39 Chemistry
32:47 Siege Engineers
32:52 Tusk Swords
33:36 Hand Cart
33:56 Crop Rotation
33:28 Double Crossbow
33:42 Masonry
34:37 Chemistry
33:48 Stone Mining
35:00 Blast Furnace
33:45 Heavy Scorpion
34:58 Architecture
34:50 Ballistics
38:03 Hoardings
37:42 Caravan
我怕你审判长?
10:04 Feudal Age
14:15 Castle Age
12:28 Double-Bit Axe
17:39 Bow Saw
17:29 Horse Collar
22:04 Wheelbarrow
23:16 Gold Mining
23:17 Stone Mining
24:06 Heavy Plow
25:02 Stone Mining
30:47 Imperial Age
28:04 Loom
28:34 Hand Cart
28:39 Town Watch
31:20 Chemistry
31:01 Town Patrol
31:33 Crop Rotation
31:16 Caravan
31:30 Guilds
31:52 Coinage
31:37 Forging
31:21 Treadmill Crane
31:46 Siege Engineers
34:20 Iron Casting
34:09 Conscription
34:09 Elite Karambit Warrior
35:42 Stone Shaft Mining
35:42 Gold Shaft Mining
34:39 Man-at-Arms
35:20 Squires
35:22 Forced Levy
36:24 Blast Furnace
35:30 Long Swordsman
36:55 Two-Handed Swordsman
40:12 Arson
LLK是给
8:05 Feudal Age
8:51 Double-Bit Axe
9:58 Horse Collar
14:55 Wheelbarrow
18:53 Castle Age
17:05 Gold Mining
18:07 Scale Barding Armor
19:03 Forging
19:27 Loom
19:55 Bloodlines
20:48 Town Watch
21:19 Hand Cart
22:39 Gold Shaft Mining
23:59 Capped Ram
25:06 Chain Barding Armor
26:11 Iron Casting
26:10 Stone Mining
27:14 Heavy Plow
27:30 Bow Saw
31:21 Imperial Age
32:32 Masonry
33:25 Two-Man Saw
32:39 Caravan
33:10 Coinage
32:50 Guilds
32:14 Elite Steppe Lancer
33:52 Plate Barding Armor
34:55 Blast Furnace
34:33 Light Cavalry
34:33 Cavalier
35:35 Fletching
35:45 Siege Ram
37:49 Bodkin Arrow
38:18 Ballistics
38:58 Chemistry
38:45 Conscription
38:30 Cuman Mercenaries
38:24 Elite Kipchak
38:53 Paladin
40:21 Cuman Mercenaries
Connection lost

Rejoining the realm…

Still unreachable

The connection could not be restored.

Session expired

The server has moved on; the page needs a fresh start.